 Dungeon Crawl Stone Soup version 0.30-a0-414-gcb316572d5 (webtiles) character file.

Game seed: 13049625675337198762

89 flotson the Sneak (level 4, -1/35 HPs)
             Began as a Demonspawn Delver on Dec 8, 2022.
             Succumbed to an adder's poison
             ... on level 3 of the Dungeon.
             The game lasted 00:01:53 (553 turns).

flotson the Sneak (Demonspawn Delver)                Turns: 553, Time: 00:01:54

Health: -1/35      AC:  8    Str: 14    XL:     4   Next: 31%
Magic:  4/4        EV:  9    Int: 12    God:
Gold:   14         SH:  0    Dex: 14    Spells: 3/3 levels left

rFire   . . .      SeeInvis .    a - +0 hand axe
rCold   . . .      Faith    .    (no shield)
rNeg    . . .      Spirit   .    i - +0 scale mail
rPois   .          Reflect  .    (no helmet)
rElec   .          Harm     .    (no cloak)
rCorr   .          Rampage  .    (no gloves)
Will    .....                    (no boots)
Stlth   +.........               (no amulet)
HPRegen 0.25/turn                (no ring)
MPRegen 0.09/turn                (no ring)

@: lethally poisoned (-1 -> -9)
A: icy blue scales 1, powered by pain 1
a: no special abilities


You were on level 3 of the Dungeon.
You visited 1 branch of the dungeon, and saw 3 of its levels.

You collected 14 gold pieces.

Inventory:

Hand Weapons
 a - a +0 hand axe (weapon)
Armour
 i - a +0 scale mail (worn)
Wands
 g - a wand of digging (3)
Scrolls
 b - a scroll of blinking {unknown}
 c - a scroll of fog
 d - a scroll of magic mapping
 h - a scroll of identify {unknown}
Potions
 f - a potion of haste
 j - a potion of heal wounds {unknown}


   Skills:
 + Level 3.4 Fighting
 - Level 1.7 Axes
 + Level 1.3 Throwing
 + Level 1.2 Armour
 + Level 2.2 Dodging
 + Level 4.8 Stealth
 + Level 1.3 Evocations


You had 3 spell levels left.
You didn't know any spells.
Your spell library was empty.

Dungeon Overview and Level Annotations

Branches:
Dungeon (5/15)
 Temple: D:4-7

Altars:


Innate Abilities, Weirdness & Mutations

You are partially covered in icy blue scales. (AC +2)
You sometimes gain a little power by taking damage.


Message History

Found a stone staircase leading up.
The adder hisses angrily.
The jelly quivers.
The endoplasm quivers.
The jelly attacks as you move away! The jelly hits you. The acid corrodes you!
You are splashed with acid!
There is a stone staircase leading up here.
As you read the scroll of fear, it crumbles to dust.
You assume a fearsome visage.
The jelly looks frightened!
The endoplasm looks frightened!
The adder looks frightened!
You climb upwards.
Found a scroll labelled TISHAVV DAILLOGU and 12 gold pieces.
There is a stone staircase leading down here.
You closely miss the adder. The adder closely misses you.
The adder bites you but does no damage.
You hit the adder.
The adder is moderately wounded.
The adder bites you.
You are poisoned.
The adder poisons you!
You closely miss the adder.
The adder is moderately wounded.
You feel sick. The adder bites you.
* * * LOW HITPOINT WARNING * * *
You are more poisoned.
The adder poisons you! The adder closely misses you.
You barely miss the adder.
The adder is moderately wounded.
You feel sick. The adder bites you.
* * * LOW HITPOINT WARNING * * *
You are lethally poisoned!
The adder poisons you!
You hit the adder.
The adder is heavily wounded.
You are no longer corroded.
* * * LOW HITPOINT WARNING * * *
You feel very sick. The adder closely misses you.
The adder bites you but does no damage.
You miss the adder.
The adder is heavily wounded.
You die...

###### ######
##.....#.....##
#.............#
.......@..?....
.......S.......
...............
...............
....$..........
...............
#.............#
##.....#.....##


You could see an adder.

Vanquished Creatures
  2 hounds (D:5)
  2 gnolls (D:4)
  2 orcs (D:4)
  A goblin (D:4)
  7 kobolds
14 creatures vanquished.

Notes
Turn   | Place    | Note
-------+----------+-------------------------------------------
     0 | D:5      | flotson the Demonspawn Delver began the quest for the Orb.
     0 | D:5      | Reached XP level 1. HP: 18/18 MP: 1/1
    19 | D:5      | Noticed a jelly
    31 | D:4      | Noticed a jelly
   120 | D:5      | Noticed a kobold brigand
   130 | D:5      | Noticed a hound
   142 | D:5      | Killed a hound
   143 | D:5      | Gained mutation: You are partially covered in icy blue
                  | scales. (AC +2) [demonic ancestry]
   143 | D:5      | Reached XP level 2. HP: 17/24 MP: 2/2
   143 | D:5      | Gained mutation: You sometimes gain a little power by
                  | taking damage. [demonic ancestry]
   143 | D:5      | Reached XP level 3. HP: 21/29 MP: 3/3
   190 | D:5      | Reached skill level 1 in Throwing
   190 | D:5      | Reached skill level 1 in Armour
   190 | D:5      | Reached skill level 1 in Evocations
   304 | D:4      | Reached XP level 4. HP: 25/35 MP: 4/4
   553 | D:3      | Succumbed to an adder's poison

Illustrated notes

Levels and vault maps discovered:
D:3:      layout_rooms, nicolae_ru_awakened_eye
D:4:      kennysheep_the_goblin_king, layout_basic
D:5:      layout_cave_pools

Skill      XL: |  1  2  3 |
---------------+----------+-----
Dodging        | 2 |  2.2
Throwing       | 1 |  1.3
Armour         | 1 |  1.2
Evocations     | 1 |  1.3
Fighting       | |  3.4
Axes           | |  1.7
Stealth        | |  4.8

Action                   |  1- 3 |  4- 6 || total
-------------------------+-------+-------++-------
Melee: Hand axe          |    46 |    33 ||    79
Throw: Dart              |     1 |     2 ||     3
  Use: Scroll            |       |     1 ||     1
Armor: Scale mail        |    21 |     8 ||    29
Dodge: Dodged            |    31 |    16 ||    47

Table legend: (Time is in decaauts)
 A = Elapsed time spent in this place.
 B = Non-inter-level travel time spent in this place.
 C = Inter-level travel time spent in this place.
 D = Time resting spent in this place.
 E = Time spent auto-exploring this place.
 F = Levels seen in this place.
 G = Mean time per level.
                   A        B        C        D        E       F      G
               +--------+--------+--------+--------+--------+-----+--------+
         Total |    570 |    570 |      0 |    148 |    172 |   3 |  190.0 |
       Dungeon |    570 |    570 |      0 |    148 |    172 |   3 |  190.0 |
               +--------+--------+--------+--------+--------+-----+--------+

Top non-repeatable levels by time:
     D:5: 294 daAuts
     D:4: 263 daAuts
     D:3: 11 daAuts
